 Dungeon Crawl Stone Soup version 0.26-a0-498-g0fdccc9 (webtiles) character file.

Game seed: 6033383112610357205

134 roflturtle the Ruffian (level 4, -5/34 HPs)
             Began as a Vampire Fighter on Aug 6, 2020.
             Slain by Sigmund
             ... wielding a +4 scythe of freezing
              (12 damage)
             ... on level 2 of the Dungeon.
             The game lasted 00:07:28 (1332 turns).

roflturtle the Ruffian (Vampire Fighter)            Turns: 1332, Time: 00:07:29

Health: -5/34      AC:  7    Str: 16    XL:     4   Next: 95%
Magic:  4/4        EV:  6    Int: 10    God:
Gold:   75         SH:  8    Dex: 13    Spells: 3/3 levels left

rFire    . . .     SeeInvis +     - Unarmed
rCold    . . .     Faith    .   b - +0 kite shield
rNeg     . . .     Spirit   .   a - +0 scale mail
rPois    .         Reflect  .   (no helmet)
rElec    .         Harm     .   (no cloak)
rCorr    .                      h - +0 pair of gloves
MR       .....                  (no boots)
Stlth    ..........             (no amulet)
HPRegen  0.31/turn              (no ring)
MPRegen  0.09/turn              (no ring)

@: regenerating quickly
A: fangs 3, see invisible, unbreathing
a: Exsanguinate


You were on level 2 of the Dungeon.
You visited 1 branch of the dungeon, and saw 2 of its levels.

You collected 75 gold pieces.

Inventory:

Hand Weapons
 n - a +2 trident of venom
Armour
 a - a +0 scale mail (worn)
 b - a +0 kite shield (worn)
 h - a +0 pair of gloves (worn)
Jewellery
 f - a cursed ring of resist corrosion {unknown}
Scrolls
 d - 2 scrolls of remove curse {unknown}
 k - 2 scrolls of amnesia {unknown}
 l - 2 scrolls of blinking {unknown}
 p - 2 scrolls of noise {unknown}
 r - a scroll of teleportation {unknown}
Potions
 c - 2 potions of might
 e - 3 potions of curing
 g - a potion of berserk rage {unknown}
 i - a potion of degeneration {unknown}
 j - a potion of magic {unknown}
 m - a potion of cancellation {unknown}
 o - a potion of ambrosia {unknown}
 q - a potion of flight {unknown}


   Skills:
 - Level 2.6 Fighting
 - Level 2.4 Armour
 - Level 2.6 Shields
 + Level 5.7 Unarmed Combat


You had 3 spell levels left.
You didn't know any spells.
Your spell library was empty.

Dungeon Overview and Level Annotations

Branches:
Dungeon (2/15)

Altars:

Annotations:
D:2 Sigmund


Innate Abilities, Weirdness & Mutations

Your natural rate of healing is unusually fast.
You have razor-sharp teeth.
You have supernaturally acute eyesight. (SInv)
You can survive without breathing.


Message History

Sigmund freezes you.
* * * LOW HITPOINT WARNING * * *
Sigmund screams, "I am the angel of ZOT!!!"
You block Sigmund's attack. Sigmund gestures at you while chanting.
The magic dart hits you.
* * * LOW HITPOINT WARNING * * *
You barely miss Sigmund. Your bite misses Sigmund.
Sigmund is severely wounded.
You block Sigmund's attack.
You closely miss Sigmund.
Sigmund is severely wounded.
You hit Sigmund but do no damage.
Sigmund is severely wounded.
Sigmund closely misses you.
You hit Sigmund.
Sigmund is severely wounded.
Sigmund looks at you with fury.
Sigmund hits you with a +4 scythe of freezing!
You die...

#####
#####
#...#
....#
#...#
....#
#.).#
....#
#..@#
....#
#..@##
....#
#....#
....#
#....##
....#
#.....#
....#
####..##
#..##
#...###
##.##
#.#...##
....##
#..##..#


You could see Sigmund (invisible).

Vanquished Creatures
  A scorpion (D:2)
  Terence (D:2)
  An adder (D:2)
  2 worms (D:2)
  A dart slug (D:1)
  3 leopard geckos
  3 bats (D:2)
  2 giant cockroaches (D:1)
  6 goblins
  7 hobgoblins
  2 kobolds (D:1)
  5 frilled lizards
  7 rats
41 creatures vanquished.

Notes
Turn   | Place    | Note
-------+----------+-------------------------------------------
     0 | D:1      | roflturtle the Vampire Fighter began the quest for the Orb.
     0 | D:1      | Reached XP level 1. HP: 17/17 MP: 1/1
   149 | D:1      | Reached skill level 3 in Unarmed Combat
   169 | D:1      | Reached XP level 2. HP: 21/23 MP: 2/2
   657 | D:2      | Noticed a scorpion
   719 | D:2      | Noticed Sigmund
   733 | D:1      | Reached XP level 3. HP: 28/28 MP: 3/3
   822 | D:2      | Reached skill level 4 in Unarmed Combat
   872 | D:2      | Noticed Terence
   904 | D:2      | Killed Terence
   904 | D:2      | Reached XP level 4. HP: 20/34 MP: 4/4
   963 | D:2      | Reached skill level 5 in Unarmed Combat
  1332 | D:2      | Slain by Sigmund

Illustrated notes

Levels and vault maps discovered:
D:1:      scummos_arrival_simple_crosswalls, layout_loops_ring
D:2:      layout_rooms, uniq_terence, uniq_sigmund

Skill      XL: |  1  2  3  4 |
---------------+-------------+-----
Unarmed Combat | 3 4 5 |  5.7
Fighting       | |  2.6
Armour         | |  2.4
Shields        | |  2.6

Action                   |  1- 3 |  4- 6 || total
-------------------------+-------+-------++-------
Melee: Unarmed           |   115 |    52 ||   167
       Bite              |    18 |     7 ||    25
  Use: Potion            |       |     1 ||     1
Armor: Scale mail        |    54 |     6 ||    60
Dodge: Dodged            |    25 |    12 ||    37
Block: Kite shield       |    37 |    19 ||    56

Table legend: (Time is in decaauts)
 A = Elapsed time spent in this place.
 B = Non-inter-level travel time spent in this place.
 C = Inter-level travel time spent in this place.
 D = Time resting spent in this place.
 E = Time spent auto-exploring this place.
 F = Levels seen in this place.
 G = Mean time per level.
                   A        B        C        D        E       F      G
               +--------+--------+--------+--------+--------+-----+--------+
         Total |   1336 |   1239 |     97 |     31 |    546 |   2 |  668.0 |
       Dungeon |   1336 |   1239 |     97 |     31 |    546 |   2 |  668.0 |
               +--------+--------+--------+--------+--------+-----+--------+

Top non-repeatable levels by time:
     D:1: 742 daAuts
     D:2: 594 daAuts
